 Seeded DCSS version 0.28-a0-79-g444c7a33f5 (webtiles) character file.

Game seed: 20210730 (custom seed)

339 muata the Conjurer (level 6, -6/45 HPs)
             Began as a Draconian Conjurer on July 31, 2021.
             Mangled by Crazy Yiuf (8 damage)
             ... on level 3 of the Dungeon on Aug 2, 2021.
             The game lasted 00:09:55 (4059 turns).

muata the Conjurer (Draconian Conjurer)             Turns: 4059, Time: 00:09:56

Health: -6/45      AC:  6    Str:  9    XL:     6   Next: 29%
Magic:  12/21      EV: 12    Int: 21    God:
Gold:   185        SH:  0    Dex:  9    Spells: 13/14 levels left

rFire   . . .      SeeInvis .   g - +2 dire flail (protect)
rCold   . . .      Faith    +   (shield currently unavailable)
rNeg    . . .      Spirit   .   (armour unavailable)
rPois   .          Reflect  .   (helmet restricted)
rElec   .          Harm     .   (no cloak)
rCorr   .          Rampage  .   (no gloves)
Will    .....                   (no boots)
Stlth   ++........              f - amulet of faith
HPRegen 0.15/turn               d - ring of magical power
MPRegen 0.17/turn               (no ring)

@: no status effects
A: AC +6, unfitting armour, cold-blooded
a: no special abilities


You were on level 3 of the Dungeon.
You visited 1 branch of the dungeon, and saw 4 of its levels.

You collected 185 gold pieces.

Inventory:

Hand Weapons
 g - a +2 dire flail of protection (weapon)
Magical Staves
 k - a staff of death
Jewellery
 d - a ring of magical power (left hand)
 f - an amulet of faith (around neck)
 t - an amulet of reflection
Scrolls
 a - a scroll of immolation {unknown}
 c - a scroll of holy word {unknown}
 e - a scroll of enchant armour {unknown}
 i - a scroll of silence {unknown}
 j - a scroll of noise {unknown}
 l - a scroll of blinking {unknown}
 n - a scroll of identify {unknown}
 o - a scroll of amnesia {unknown}
 q - a scroll of magic mapping {unknown}
 r - a scroll of teleportation {unknown}
 s - a scroll of fear {unknown}
Potions
 b - a potion of flight {unknown}
 h - 2 potions of curing
 m - a potion of haste {unknown}
 p - 2 potions of magic {unknown}


   Skills:
 - Level 1.7 Dodging
 - Level 1.7 Stealth
 + Level 4.5 Spellcasting
 + Level 6.1 Conjurations


You had 13 spell levels left.
You knew the following spells:

 Your Spells              Type           Power      Damage    Failure   Level
a - Magic Dart            Conj           100%       1d8       1%          1

Your spell library contained the following spells:

 Spells                   Type           Power      Damage    Failure   Level
 Searing Ray              Conj           60%        3d5       1%          2
 Shock                    Conj/Air       68%        1d7       3%          1
 Dazzling Flash           Conj/Hex       34%        N/A       10%         3
 Summon Small Mammal      Summ           16%        N/A       12%         1
 Fulminant Prism          Conj/Hex       8%         3d7       32%         4
 Iskenderun's Mystic Bla  Conj/Tloc      17%        2d5       32%         4
 Call Canine Familiar     Summ           4%         N/A       34%         3
 Summon Guardian Golem    Hex/Summ       4%         N/A       34%         3
 Swiftness                Air            4%         N/A       34%         3
 Airstrike                Air            2%         N/A       75%         4


Dungeon Overview and Level Annotations

Branches:
Dungeon (4/15)
 Temple: D:4-7

Altars:

Shops:
D:2 *   D:3 :*([   D:4 [[

Annotations:
D:3 Crazy Yiuf
D:4 Grinder


Innate Abilities, Weirdness & Mutations

Your plain brown scales are hard. (AC +6)
You cannot fit into any form of body armour.
You are cold-blooded and may be slowed by cold attacks.


Message History

Crazy Yiuf hits you with a +3 quarterstaff of chaos.
Crazy Yiuf draws strength from your wounds!
Unknown command.
Casting: Magic Dart (safe; 1% risk of failure)
Confirm with . or Enter, or press ? or * to list all spells.
Aiming: Magic Dart (safe; 1% risk of failure)
Press: ? - help, Shift-Dir - straight line, f/p - Crazy Yiuf
Aim: Crazy Yiuf, wielding a +3 quarterstaff of chaos and wearing a +2 cloak (lightly wounded, 100% to hit)
The magic dart hits Crazy Yiuf.
Crazy Yiuf is lightly wounded.
Crazy Yiuf hits you with a +3 quarterstaff of chaos.
You are electrocuted!!
Casting: Magic Dart (safe; 1% risk of failure)
Confirm with . or Enter, or press ? or * to list all spells.
Aiming: Magic Dart (safe; 1% risk of failure)
Press: ? - help, Shift-Dir - straight line, f/p - Crazy Yiuf
Aim: Crazy Yiuf, wielding a +3 quarterstaff of chaos and wearing a +2 cloak (lightly wounded, 100% to hit)
The magic dart hits Crazy Yiuf but does no damage.
Crazy Yiuf is lightly wounded.
Crazy Yiuf hits you with a +3 quarterstaff of chaos!
* * * LOW HITPOINT WARNING * * *
You feel your power leaking away.
Casting: Magic Dart (safe; 1% risk of failure)
Confirm with . or Enter, or press ? or * to list all spells.
Aiming: Magic Dart (safe; 1% risk of failure)
Press: ? - help, Shift-Dir - straight line, f/p - Crazy Yiuf
Aim: Crazy Yiuf, wielding a +3 quarterstaff of chaos and wearing a +2 cloak (lightly wounded, 100% to hit)
The magic dart hits Crazy Yiuf but does no damage.
Crazy Yiuf is lightly wounded.
Crazy Yiuf hits you with a +3 quarterstaff of chaos!
* * * LOW HITPOINT WARNING * * *
Casting: Magic Dart (safe; 1% risk of failure)
Confirm with . or Enter, or press ? or * to list all spells.
Aiming: Magic Dart (safe; 1% risk of failure)
Press: ? - help, Shift-Dir - straight line, f/p - Crazy Yiuf
Aim: Crazy Yiuf, wielding a +3 quarterstaff of chaos and wearing a +2 cloak (lightly wounded, 100% to hit)
The magic dart hits Crazy Yiuf.
Crazy Yiuf is lightly wounded.
Crazy Yiuf hits you with a +3 quarterstaff of chaos!
You die...

#.....>.......'....
#########.....#####
#.##### ### ########
### ###.#....##
#...##..#......##
#...g@####......######
#)..### ##.....#.....
### ####..#.....
#..#..... #..'.....
###..#.....
#..........
#.###.#+###
#.#<..#+###


You could see Crazy Yiuf.

Vanquished Creatures
  Menkaure (D:4)
  2 lemures (D:3)
  Terence (D:3)
  Natasha (thrice) (D:3)
  4 adders
  4 dart slugs
  6 orcs (D:4)
  5 ball pythons
  3 endoplasms
  4 giant cockroaches
  4 goblins
  5 hobgoblins
  2 quokkas
  5 bats
  3 frilled lizards
  A hobgoblin zombie (D:4)
  9 kobolds
  2 kobold zombies (D:4)
  3 rats
67 creatures vanquished.

Notes
Turn   | Place    | Note
-------+----------+-------------------------------------------
     0 | D:1      | muata the Draconian Conjurer began the quest for the Orb.
     0 | D:1      | Reached XP level 1. HP: 14/14 MP: 3/3
   314 | D:1      | Reached XP level 2. HP: 20/20 MP: 1/5
   480 | D:1      | Found a faded altar of an unknown god.
  1131 | D:2      | Found Rocoponu's General Store.
  1149 | D:2      | Reached XP level 3. HP: 26/26 MP: 7/7
  1614 | D:2      | Reached XP level 4. HP: 33/33 MP: 8/8
  1647 | D:3      | Noticed Natasha
  1660 | D:3      | Killed Natasha
  1661 | D:3      | Reached skill level 5 in Conjurations
  1678 | D:3      | Noticed Natasha
  1680 | D:3      | Killed Natasha
  1890 | D:3      | Noticed Terence
  1916 | D:3      | Killed Terence
  1917 | D:3      | Reached XP level 5. HP: 4/38 MP: 7/10
  2075 | D:3      | Noticed Natasha
  2081 | D:3      | Killed Natasha
  2214 | D:3      | Found Virenk's Armour Emporium.
  2377 | D:3      | Found Noibuigulu's Assorted Antiques.
  2386 | D:3      | You fall into a shaft and drop 1 floor!
  2392 | D:4      | Found Teuluer's Armour Boutique.
  2392 | D:4      | Noticed Menkaure
  2403 | D:4      | Killed Menkaure
  2404 | D:4      | Reached skill level 6 in Conjurations
  2404 | D:4      | Reached XP level 6. HP: 8/45 MP: 12/12
  2948 | D:4      | Found Iciuhiox's Armour Boutique.
  2956 | D:4      | Upgraded the game from 0.28-a0-60-g54b5640690 to
                  | 0.28-a0-79-g444c7a33f5
  2958 | D:4      | Noticed Grinder
  3440 | D:3      | Found Navic's Antique Weapon Boutique.
  3751 | D:3      | Found Piotu's Book Shop.
  4002 | D:3      | Found a runed translucent door.
  4003 | D:3      | Noticed Crazy Yiuf
  4058 | D:3      | HP: 2/45 [Crazy Yiuf (7)]
  4059 | D:3      | Mangled by Crazy Yiuf

Illustrated notes

Levels and vault maps discovered:
D:1:      nzn_arrival_settlement, layout_loops_cross,
          hellmonk_ecumenical_altar_pennies_from_heaven, st_stairs_12,
          minmay_tiny_reverse_x
D:2:      layout_rooms, serial_shops, shop
D:3:      layout_basic, serial_shops, nicolae_shop_waterfront, shop,
          shop_fountains, nicolae_shop_waterfront, uniq_crazy_yiuf_cottage,
          uniq_terence, uniq_natasha
D:4:      layout_basic, serial_shops, nicolae_shop_window_shopping,
          nicolae_shop_temple_entry_statues_fountains, nicolae_diamond_shop,
          st_stairs_13, minmay_mini_ossuary, uniq_menkaure, uniq_grinder,
          uniq_pikel

Skill      XL: |  1  2  3  4  5 |
---------------+----------------+-----
Spellcasting   | 3 4 |  4.5
Conjurations   | 5 6 |  6.1
Dodging        | |  1.7
Stealth        | |  1.7

Action                   |  1- 3 |  4- 6 || total
-------------------------+-------+-------++-------
Melee: Unarmed           |     2 |       ||     2
       Dire flail        |     5 |    31 ||    36
       Tailslap          |       |     1 ||     1
 Cast: Magic Dart        |    76 |   118 ||   194
Armor: Skin              |    12 |    16 ||    28
Dodge: Dodged            |     7 |    45 ||    52

Table legend: (Time is in decaauts)
 A = Elapsed time spent in this place.
 B = Non-inter-level travel time spent in this place.
 C = Inter-level travel time spent in this place.
 D = Time resting spent in this place.
 E = Time spent auto-exploring this place.
 F = Levels seen in this place.
 G = Mean time per level.
                   A        B        C        D        E       F      G
               +--------+--------+--------+--------+--------+-----+--------+
         Total |   4075 |   4035 |     40 |   1354 |   2259 |   4 | 1018.8 |
       Dungeon |   4075 |   4035 |     40 |   1354 |   2259 |   4 | 1018.8 |
               +--------+--------+--------+--------+--------+-----+--------+

Top non-repeatable levels by time:
     D:3: 1826 daAuts
     D:1: 1114 daAuts
     D:4: 599 daAuts
     D:2: 534 daAuts
